 Dungeon Crawl Stone Soup version 0.18.1-48-g4cf74bf (webtiles) character file.

3607 Alarkh the Archer (level 9, -7/61 HPs)
             Began as a Mummy Hunter on Sept 3, 2016.
             Was an Elder of Okawaru.
             Killed from afar by a steam dragon (12 damage)
             ... with a ball of steam
             ... on level 10 of the Dungeon.
             The game lasted 00:16:09 (7230 turns).

Alarkh the Archer (Mummy Hunter)                    Turns: 7230, Time: 00:16:10

Health: -7/61      AC:  9    Str: 15    XL:     9   Next: 86%
Magic:  8/9        EV: 17    Int: 13    God:    Okawaru [****..]
Gold:   507        SH:  0    Dex: 13    Spells: 1 memorised, 3 levels left

rFire  x . .     SeeInvis .     a - +2 shortbow
rCold  + . .     Gourm    .     c - +0 leather armour
rNeg   + + +     Faith    .     (shield currently unavailable)
rPois  ∞         Spirit   .     (no helmet)
rElec  .         Dismiss  .     (no cloak)
rCorr  .         Reflect  .     h - +2 pair of gloves
SustAt .         Harm     .     l - +2 pair of boots
MR     +....                    u - amulet of regeneration
Stlth  +.........               j - +3 ring of evasion
                                n - +3 ring of evasion

@: somewhat resistant to hostile enchantments, very unstealthy
A: no food or potions, fire vulnerability, cold resistance 1, negative energy
resistance 3, torment resistance, unbreathing
a: Heroism, Renounce Religion


You were on level 10 of the Dungeon.
You worshipped Okawaru.
Okawaru was greatly pleased with you.
You were not hungry.

You visited 2 branches of the dungeon, and saw 11 of its levels.

You collected 507 gold pieces.

Inventory:

Hand Weapons
 a - a +2 shortbow (weapon)
 b - a +0 dagger of venom
 s - a +0 mace of crushing
 x - a +1 mace of crushing
 z - a +0 short sword
Missiles
 d - 73 arrows (quivered)
 v - a throwing net
Armour
 c - a +0 leather armour (worn)
 h - a +2 pair of gloves (worn)
 l - a +2 pair of boots (worn)
Jewellery
 j - a +3 ring of evasion (right hand)
 k - an uncursed ring of resist corrosion
 m - an uncursed ring of wizardry
 n - a +3 ring of evasion (left hand)
 u - an amulet of regeneration (around neck)
Scrolls
 e - a scroll of identify
 f - 3 scrolls of recharging
 g - 2 scrolls of teleportation
 i - a scroll of fear
 o - 2 scrolls of fog
 p - a scroll of enchant armour
 q - a scroll of noise
 r - 2 scrolls of random uselessness
 t - 3 scrolls of remove curse {unknown}
 y - a scroll of amnesia {unknown}
Books
 w - a book of Summonings

   Spells                             Type                      Level
   a - Recall                         Summoning/Translocation      3
   b - Aura of Abjuration             Summoning                    5
   c - Summon Demon                   Summoning                    5
   d - Summon Forest                  Summoning/Translocation      5
   e - Summon Mana Viper              Hexes/Summoning              5
   f - Shadow Creatures               Summoning                    6


   Skills:
 - Level 2.0 Fighting
 + Level 12.1 Bows
 - Level 1.5 Dodging
 - Level 0.7 Stealth


You had 3 spell levels left.
You knew the following spells:

 Your Spells              Type           Power        Failure   Level  Hunger
e - Aura of Abjuration    Summ           #.........   100%        5    N/A

Dungeon Overview and Level Annotations

Branches:
Dungeon (9/15)             Temple (1/1) D:4
   Lair: D:8-11         Orc: D:9-12

Altars:
Ashenzari
Cheibriados
Dithmenos
Elyvilon
Fedhas
Gozag
Kikubaaqudgha
Makhleb
Nemelex Xobeh
Okawaru
Pakellas
Qazlal
Ru
Sif Muna
Trog
Vehumet
Xom
Yredelemnul
Zin
The Shining One

Shops:
D:6 !   D:8 %

Annotations:
D:2 1 exclusion
D:6 nikopol's ghost, novice MiBe


Innate Abilities, Weirdness & Mutations

You do not eat or drink.
Your flesh is vulnerable to fire.
You are immune to poison.
Your flesh is cold resistant.
You are immune to negative energy.
You are immune to unholy pain and torment.
You can survive without breathing.


Message History

Press: ? - help, Shift-Dir - straight line, f/p - steam dragon
Aim: a steam dragon (moderately wounded, catching its breath)
You shoot an arrow. The arrow hits the steam dragon!
The steam dragon is heavily wounded.
You are engulfed in a cloud of scalding steam.
No target in view!
Firing (i - inventory. (,) - cycle):
d - 74 arrows (quivered)
Press: ? - help, Shift-Dir - straight line, f/p - steam dragon
Aim: a steam dragon (steam, heavily wounded)
You shoot an arrow. The arrow hits the steam dragon!
The steam dragon is severely wounded.
The steam dragon breathes steam at you. The ball of steam hits you!
The steam scalds you terribly!
Ouch! That really hurt!
* * * LOW HITPOINT WARNING * * *
You hear a shout!
You feel like a meek peon again. The steam dragon breathes steam at you.
The ball of steam hits you! The steam scalds you terribly!
You die...

##.............#..#
.#
.>...#........####
## #.#.#%.......#
#. #...#...###....
... #####......#
(...###..
#.......#..#
.#.......
#........####
.......
#...###.§#.$# ##).
#... #@§§D..#..
#... #.# #..#§.###.
#(.# #.
####..((...## ####
# #...(.o.#. #..#
...###.... #..F
.....#.....###W.
...#..# #...(uu.
....#### #.)}_:..
..... #.cZ....


There were no monsters in sight!

Vanquished Creatures
  A two-headed ogre (D:10)
  A hog (D:7)
  A human (D:7)
  A yak (D:7)
  A hungry ghost (D:10)
  A hippogriff (D:8)
  A water moccasin (D:8)
  A sky beast (D:6)
  2 orc warriors
  A black bear (D:5)
  An ice beast (D:5)
  A phantom (D:6)
  4 centaurs
  2 ogres (D:8)
  A crocodile (D:8)
  2 big kobolds
  2 giant frogs
  2 scorpions
  A water moccasin skeleton (D:8)
  3 howler monkeys
  2 crimson imps
  A centaur zombie (D:8)
  A hound (D:8)
  A centaur skeleton (D:6)
  2 giant frog skeletons
  A jelly (D:8)
  5 orc wizards
  2 iguanas
  An orc priest (D:4)
  Natasha (thrice) (D:3)
  5 worker ants
  2 sheep (D:7)
  A hound skeleton (D:4)
  A howler monkey zombie (D:6)
  4 gnolls
  8 adders
  A shadow imp (D:10)
  An ooze (D:5)
  An adder skeleton (D:5)
  3 worms
  2 dart slugs
  3 giant geckos
  19 orcs
  4 giant cockroaches
  9 goblins
  10 hobgoblins
  8 jackals
  4 quokkas
  3 ball pythons
  5 bats
  A giant gecko skeleton (D:8)
  5 giant newts
  A jackal skeleton (D:7)
  15 kobolds
  A quokka skeleton (D:4)
  A quokka zombie (D:6)
  9 rats
176 creatures vanquished.

Notes
Turn   | Place    | Note
--------------------------------------------------------------
     0 | D:1      | Alarkh the Mummy Hunter began the quest for the Orb.
     0 | D:1      | Reached XP level 1. HP: 16/16 MP: 1/1
   212 | D:1      | Reached XP level 2. HP: 22/22 MP: 2/2
   785 | D:2      | Found an iron altar of Okawaru.
   794 | D:2      | Became a worshipper of Warmaster Okawaru
   804 | D:2      | Reached skill level 4 in Bows
   808 | D:2      | Reached XP level 3. HP: 10/27 MP: 3/3
  1188 | D:2      | Reached XP level 4. HP: 28/33 MP: 4/4
  1291 | D:2      | Found a shimmering altar of Xom.
  1500 | D:2      | Found a bloodstained altar of Trog.
  1635 | D:2      | Reached skill level 5 in Bows
  1824 | D:3      | Reached XP level 5. HP: 24/38 MP: 5/5
  1908 | D:3      | Noticed Natasha
  1981 | D:3      | Killed Natasha
  2153 | D:3      | Found an oddly glowing altar of Pakellas.
  2339 | D:3      | Noticed Natasha
  2344 | D:3      | Killed Natasha
  2624 | D:3      | Noticed Natasha
  2629 | D:3      | Killed Natasha
  2629 | D:3      | Reached * piety under Okawaru
  2742 | D:4      | Reached skill level 6 in Bows
  2794 | D:4      | Reached XP level 6. HP: 44/44 MP: 6/6
  3101 | D:4      | Found a white marble altar of Elyvilon.
  3218 | D:4      | Found a staircase to the Ecumenical Temple.
  3227 | Temple   | Entered the Ecumenical Temple
  3734 | D:5      | Entered Level 5 of the Dungeon
  3895 | D:5      | Noticed an ice beast
  3919 | D:5      | Killed an ice beast
  3920 | D:5      | Found a sparkling altar of Nemelex Xobeh.
  3924 | D:5      | Found a basalt altar of Yredelemnul.
  3928 | D:5      | Found a bloodstained altar of Trog.
  3939 | D:5      | Found an opulent altar of Gozag.
  4093 | D:5      | Reached skill level 7 in Bows
  4093 | D:5      | Reached XP level 7. HP: 37/50 MP: 7/7
  4361 | D:6      | Found Fezosoiturgh's Distillery.
  4531 | D:6      | Reached ** piety under Okawaru
  4531 | D:6      | Reached skill level 8 in Bows
  4801 | D:6      | Reached XP level 8. HP: 38/56 MP: 8/8
  4912 | D:6      | Learned a level 5 spell: Aura of Abjuration
  5020 | D:6      | Noticed nikopol's ghost (novice MiBe)
  5256 | D:6      | Reached skill level 9 in Bows
  5580 | D:7      | Reached *** piety under Okawaru
  5580 | D:7      | Reached skill level 10 in Bows
  5715 | D:7      | Found a deep blue altar of Sif Muna.
  5769 | D:7      | Reached XP level 9. HP: 28/61 MP: 9/9
  6115 | D:8      | Found Arer's Food Shop.
  6164 | D:8      | Received a gift from Okawaru
  6212 | D:8      | Reached skill level 11 in Bows
  6304 | D:8      | Reached **** piety under Okawaru
  6345 | D:8      | Found a radiant altar of Vehumet.
  6639 | D:8      | Received a gift from Okawaru
  6857 | D:9      | You fall through a shaft!
  6857 | D:10     | Entered Level 10 of the Dungeon
  6857 | D:10     | Found a blossoming altar of Fedhas.
  6860 | D:10     | Noticed a red ugly thing
  6863 | D:10     | Noticed a brown ugly thing
  6866 | D:10     | HP: 2/61 [centaur/arrow (10)]
  7142 | D:10     | Reached skill level 12 in Bows
  7230 | D:10     | Killed from afar by a steam dragon

Skill      XL: |  1  2  3  4  5  6  7  8  9 |
---------------+----------------------------+-----
Bows           | 4 5 6 7 8 10 12 | 12.1
Fighting       | |  2.0
Dodging        | |  1.5
Stealth        | |  0.7

Action                   |  1- 3 |  4- 6 |  7- 9 || total
-------------------------+-------+-------+-------++-------
Melee: Short sword       |    26 |       |     1 ||    27
       Mace              |       |       |     6 ||     6
 Fire: Shortbow          |   101 |   243 |   547 ||   891
Invok: Heroism           |       |       |     2 ||     2
  Use: Scroll            |     2 |     1 |    12 ||    15
Armor: Leather armour    |    13 |    24 |    56 ||    93
Dodge: Dodged            |    37 |    74 |   262 ||   373
